[Event "4th Sabbiadoro-Master 2018"]
[Site "Lignano Sabbiadoro"]
[Date "2018.07.29"]
[Round "1.2"]
[White "Brankovic, Dejan"]
[Black "Tiraboschi, Nicolo`"]
[Result "1-0"]
[ECO "A08"]
[WhiteElo "2377"]
[BlackElo "2102"]
[Annotator "NA"]
[PlyCount "91"]
[EventDate "2018.07.29"]
[EventType "swiss"]
[EventCountry "ITA"]
[SourceTitle "playchess.com"]
[Source "ChessBase"]
[SourceQuality "1"]
[TimeControl "5400+30"]

1. Nf3 d5 2. g3 c5 3. Bg2 Nc6 4. O-O e5 5. d3 Nf6 6. e4 d4 7. a4 h6 8. Na3 Be7 9. Nc4 Qc7 10. Nh4 O-O 11. f4 Bg4 12. Nf3 Nd7 13. h3 Bxf3 14. Qxf3 b6 15. h4 Bf6 16. Bh3 Rfe8 17. Bd2 Rad8 18. Rf2 a6 19. a5 bxa5 20. Bxd7 Rxd7 21. h5 Rb8 22. b3 Kh8 23. Bxa5 Qa7 24. Qg4 Re7 25. Raf1 Nxa5 26. Nxa5 Qc7 27. Nc4 Rf8 28. Kg2 Kg8 29. Ra1 Ra8 30. Ra5 Re6 31. Ra1 Rf8 32. Raf1 Re7 33. Ra1 Ra8 34. Raf1 Rf8 35. fxe5 Bxe5 36. Rf5 Rfe8 37. Ra1 Qb7 38. Ra5 Qb4 39. Rxa6 Qc3 40. Rf2 Kh8 41. Rc6 Ra8 42. Rc8+ Rxc8 43. Qxc8+ Kh7 44. Qf5+ g6 45. hxg6+ fxg6 46. Qf8 1-0

[Event "4th Sabbiadoro-Master 2018"]
[Site "Lignano Sabbiadoro"]
[Date "2018.07.29"]
[Round "1.3"]
[White "Sponchiado, Dario"]
[Black "Ristic, Nenad"]
[Result "0-1"]
[ECO "A37"]
[WhiteElo "2059"]
[BlackElo "2356"]
[Annotator "NA"]
[PlyCount "50"]
[EventDate "2018.07.29"]
[EventType "swiss"]
[EventCountry "ITA"]
[SourceTitle "playchess.com"]
[Source "ChessBase"]
[SourceQuality "1"]
[TimeControl "5400+30"]

1. Nf3 g6 2. g3 Bg7 3. Bg2 c5 4. O-O Nc6 5. c4 Nh6 6. Nc3 Nf5 7. b3 h5 8. h4 a6 9. Bb2 b5 10. Rb1 Rb8 11. d3 d6 12. e3 Bd7 13. Qe2 O-O 14. Nd5 e5 15. Ng5 Re8 16. Rfc1 Nce7 17. e4 Nh6 18. Ne3 Nc6 19. Rf1 Nd4 20. Bxd4 exd4 21. Nd5 Bg4 22. Qd2 Bd7 23. Nh3 Ng4 24. Qg5 Ne5 25. Qd2 Bxh3 0-1

[Event "4th Sabbiadoro-Master 2018"]
[Site "Lignano Sabbiadoro"]
[Date "2018.07.29"]
[Round "1.4"]
[White "Damia, Angelo"]
[Black "De Vita, Gianni"]
[Result "1-0"]
[ECO "C47"]
[WhiteElo "2313"]
[BlackElo "2052"]
[Annotator "NA"]
[PlyCount "64"]
[EventDate "2018.07.29"]
[EventType "swiss"]
[EventCountry "ITA"]
[SourceTitle "playchess.com"]
[Source "ChessBase"]
[SourceQuality "1"]
[TimeControl "5400+30"]

1. e4 e5 2. Nc3 Nf6 3. Nf3 Nc6 4. a3 g6 5. Nxe5 Nxe5 6. d4 Nc6 7. d5 Nb8 8. e5 Qe7 9. Qe2 Ng4 10. Qxg4 Qxe5+ 11. Be2 f5 12. Qa4 Bg7 13. Bf4 Qe7 14. Bxc7 Na6 15. d6 Qe5 16. Qc4 b5 17. Qxb5 Nc5 18. O-O Ba6 19. Qa5 Bxe2 20. Rfe1 Ne6 21. Qxe5 Bxe5 22. Ba5 Bxd6 23. Rxe2 Rc8 24. Rd1 Bc7 25. Bxc7 Rxc7 26. Nb5 Rc8 27. Rd5 Kf7 28. b4 Kf6 29. g3 Rb8 30. c4 Rhc8 31. Kg2 Rxc4 32. Kg1 Kg5 1-0

[Event "4th Sabbiadoro-Master 2018"]
[Site "Lignano Sabbiadoro"]
[Date "2018.07.29"]
[Round "1.5"]
[White "Grochowalski, Pawel"]
[Black "Nester, Ihor"]
[Result "0-1"]
[ECO "A80"]
[WhiteElo "2049"]
[BlackElo "2305"]
[Annotator "NA"]
[PlyCount "81"]
[EventDate "2018.07.29"]
[EventType "swiss"]
[EventCountry "ITA"]
[SourceTitle "playchess.com"]
[Source "ChessBase"]
[SourceQuality "1"]
[TimeControl "5400+30"]

1. d4 f5 2. Nc3 Nf6 3. Bg5 d5 4. Bxf6 exf6 5. e3 Be6 6. Bd3 Qd7 7. Nce2 Nc6 8. c3 Ne7 9. h4 Nc8 10. Nf4 Bf7 11. Qc2 Nd6 12. Nf3 g6 13. Nd2 Bh6 14. g3 O-O 15. O-O g5 16. Ng2 Kh8 17. hxg5 fxg5 18. f3 Bg6 19. Rae1 Rae8 20. f4 Ne4 21. Kh2 Bh5 22. Nxe4 fxe4 23. Be2 Bg6 24. Qd1 gxf4 25. exf4 Qd6 26. Bg4 Rg8 27. Ne3 Ref8 28. Kg2 c6 29. Qe2 b5 30. b4 a5 31. a3 Rf6 32. Rh1 Bf8 33. Rh3 h6 34. Reh1 Bh7 35. Kf2 Rf7 36. Ke1 Ra7 37. Bf5 axb4 38. Bxh7 Rxh7 39. axb4 Qd7 40. Kf2 Qe6 41. Qh5 0-1

[Event "4th Sabbiadoro-Master 2018"]
[Site "Lignano Sabbiadoro"]
[Date "2018.07.29"]
[Round "1.6"]
[White "Mufic, Goran"]
[Black "Ridolfo, Enrico"]
[Result "1-0"]
[ECO "A80"]
[WhiteElo "2299"]
[BlackElo "2047"]
[Annotator "NA"]
[PlyCount "67"]
[EventDate "2018.07.29"]
[EventType "swiss"]
[EventCountry "ITA"]
[SourceTitle "playchess.com"]
[Source "ChessBase"]
[SourceQuality "1"]
[TimeControl "5400+30"]

1. d4 f5 2. Bg5 g6 3. e3 Bg7 4. h4 d6 5. c3 Nc6 6. Qb3 Nf6 7. Bc4 Na5 8. Qa4+ c6 9. Be2 b5 10. Qc2 Be6 11. Nd2 h6 12. Bf4 O-O 13. a4 Nc4 14. axb5 cxb5 15. Ngf3 Qc7 16. O-O Rac8 17. Ra6 Nd5 18. Rfa1 Ra8 19. Bh2 Bc8 20. R6a2 a6 21. Nxc4 bxc4 22. Nd2 Nb6 23. b3 cxb3 24. Qxb3+ Kh7 25. Bxa6 Rb8 26. Bxc8 Rfxc8 27. Ra7 Qxc3 28. Qxc3 Rxc3 29. Rxe7 Nd5 30. Rd7 Rb2 31. Raa7 Rb1+ 32. Nf1 Rcc1 33. Rxg7+ Kh8 34. Rh7+ 1-0

[Event "4th Sabbiadoro-Master 2018"]
[Site "Lignano Sabbiadoro"]
[Date "2018.07.29"]
[Round "1.7"]
[White "Barberi, Alessandro"]
[Black "Medici, Simone"]
[Result "0-1"]
[ECO "D02"]
[WhiteElo "2044"]
[BlackElo "2286"]
[Annotator "NA"]
[PlyCount "152"]
[EventDate "2018.07.29"]
[EventType "swiss"]
[EventCountry "ITA"]
[SourceTitle "playchess.com"]
[Source "ChessBase"]
[SourceQuality "1"]
[TimeControl "5400+30"]

1. d4 d5 2. Nf3 c6 3. e3 Bf5 4. Be2 e6 5. O-O Nd7 6. b3 Ngf6 7. Bb2 Bd6 8. Nbd2 Qc7 9. c4 O-O 10. c5 Be7 11. b4 Ne4 12. Nxe4 Bxe4 13. Ne5 Nxe5 14. dxe5 b6 15. Bd4 bxc5 16. bxc5 Qa5 17. Qc1 Rab8 18. f3 Bg6 19. Qe1 Qb4 20. Qxb4 Rxb4 21. Rfc1 Rfb8 22. Kf1 Bg5 23. Rc3 Ra4 24. Bd1 Rab4 25. Be2 Bd8 26. Ra3 a5 27. Bc3 Rh4 28. h3 Ra8 29. f4 f6 30. Rc1 Be4 31. Rb3 g5 32. exf6 gxf4 33. Rb7 fxe3 34. Bg4 Bf5 35. Be5 Bxf6 36. Bxf6 Rh6 37. Bg5 Rg6 38. Bxf5 Rf8 39. Bxe3 Rxf5+ 40. Kg1 Rg3 41. Bf2 Ra3 42. Rc2 e5 43. Rc7 Rf6 44. Rb2 d4 45. Re7 d3 46. Rxe5 Rc3 47. Rd2 Rc1+ 48. Kh2 Rc2 49. Be3 Rxd2 50. Bxd2 Rf2 51. Bxa5 Rxa2 52. Bb4 Rb2 53. Ba5 Rb5 54. Bb6 Kf7 55. Re4 Rb3 56. Rd4 Ke6 57. Bc7 Rc3 58. Bd6 Kf5 59. g4+ Ke6 60. h4 Rc2+ 61. Kg3 d2 62. Rd3 Rc3 63. Rxc3 d1=Q 64. Re3+ Kd5 65. Re5+ Kd4 66. Rf5 Qg1+ 67. Kh3 Qe3+ 68. Kg2 Qe4+ 69. Kg3 Qe8 70. h5 Qe1+ 71. Kf3 Qh4 72. Rf4+ Kd5 73. Rf5+ Kd4 74. Rf4+ Kd3 75. Rf5 Qh3+ 76. Kf4 Qe3# 0-1

[Event "4th Sabbiadoro-Master 2018"]
[Site "Lignano Sabbiadoro"]
[Date "2018.07.29"]
[Round "1.8"]
[White "Micottis, Dorian"]
[Black "Prete, Alessandro"]
[Result "1/2-1/2"]
[ECO "C17"]
[WhiteElo "2279"]
[BlackElo "2032"]
[Annotator "NA"]
[PlyCount "88"]
[EventDate "2018.07.29"]
[EventType "swiss"]
[EventCountry "ITA"]
[SourceTitle "playchess.com"]
[Source "ChessBase"]
[SourceQuality "1"]
[TimeControl "5400+30"]

1. e4 e6 2. d4 d5 3. Nc3 Bb4 4. e5 c5 5. Bd2 Nh6 6. a3 Bxc3 7. Bxc3 cxd4 8. Qxd4 O-O 9. Nf3 Nc6 10. Qf4 Qc7 11. Bd3 f5 12. O-O Nf7 13. Rfe1 Qe7 14. h4 Bd7 15. b4 a6 16. a4 Rfc8 17. Bd2 Qe8 18. g4 fxg4 19. Qxg4 Kh8 20. Kh2 Nh6 21. Qg3 Ne7 22. Bxh6 gxh6 23. Qf4 Qf8 24. Qf6+ Qxf6 25. exf6 Ng8 26. f7 Nf6 27. Ne5 Rf8 28. c4 Rad8 29. c5 Bc8 30. Be2 Nd7 31. Nxd7 Bxd7 32. Bh5 Kg7 33. f4 Kf6 34. Re5 Rc8 35. Rae1 a5 36. f5 exf5 37. Rxd5 Bxa4 38. Rd6+ Kg7 39. Rg1+ Kh8 40. Rxh6 axb4 41. Rb6 Rxc5 42. Rxb7 Rb5 43. Rxb5 Bxb5 44. Rb1 Bc4 1/2-1/2

[Event "4th Sabbiadoro-Master 2018"]
[Site "Lignano Sabbiadoro"]
[Date "2018.07.29"]
[Round "1.9"]
[White "Beltrame, Leonardo"]
[Black "Calavalle, Giulio"]
[Result "0-1"]
[ECO "A30"]
[WhiteElo "2013"]
[BlackElo "2275"]
[Annotator "NA"]
[PlyCount "52"]
[EventDate "2018.07.29"]
[EventType "swiss"]
[EventCountry "ITA"]
[SourceTitle "playchess.com"]
[Source "ChessBase"]
[SourceQuality "1"]
[TimeControl "5400+30"]

1. Nf3 Nf6 2. g3 c5 3. Bg2 Nc6 4. O-O e5 5. d3 Be7 6. c4 d5 7. cxd5 Nxd5 8. Nc3 Be6 9. Nxd5 Bxd5 10. Be3 O-O 11. Rc1 b6 12. Ne1 Rc8 13. f4 Bf6 14. b3 Nb4 15. Qd2 Re8 16. fxe5 Bxe5 17. Nf3 Bf6 18. Bf4 Bxf3 19. Bxf3 g5 20. Bb7 gxf4 21. Rxf4 Bd4+ 22. Kg2 Rc7 23. Rg4+ Kh8 24. Be4 f5 25. Bxf5 Nd5 26. Kh1 Qf6 0-1

[Event "4th Sabbiadoro-Master 2018"]
[Site "Lignano Sabbiadoro"]
[Date "2018.07.29"]
[Round "1.10"]
[White "Bentivegna, Francesco"]
[Black "D Alfonso, Nicola"]
[Result "1-0"]
[ECO "B01"]
[WhiteElo "2271"]
[BlackElo "2011"]
[Annotator "NA"]
[PlyCount "67"]
[EventDate "2018.07.29"]
[EventType "swiss"]
[EventCountry "ITA"]
[SourceTitle "playchess.com"]
[Source "ChessBase"]
[SourceQuality "1"]
[TimeControl "5400+30"]

1. e4 d5 2. exd5 Qxd5 3. Nc3 Qa5 4. Bc4 Nf6 5. d3 c6 6. Bd2 Qc7 7. Qe2 Bf5 8. h3 Bg6 9. f4 e6 10. g4 Be7 11. Nf3 O-O 12. O-O-O Bd6 13. Ne5 b5 14. Bb3 a5 15. a4 b4 16. Nb1 Bxe5 17. fxe5 Nd5 18. h4 h5 19. gxh5 Bf5 20. Rhg1 Kh7 21. d4 Nd7 22. Rdf1 N7b6 23. Be3 Nxe3 24. Qxe3 Nd5 25. Qg3 Rg8 26. Nd2 Rad8 27. Qf2 c5 28. dxc5 Qxe5 29. Nc4 Qf6 30. Nxa5 Qh6+ 31. Kb1 Qxh5 32. Nb7 Rb8 33. Bxd5 exd5 34. Rg5 1-0

[Event "4th Sabbiadoro-Master 2018"]
[Site "Lignano Sabbiadoro"]
[Date "2018.07.30"]
[Round "2.3"]
[White "Grigorian, Roudolph"]
[Black "Damia, Angelo"]
[Result "0-1"]
[ECO "C41"]
[WhiteElo "2146"]
[BlackElo "2313"]
[Annotator "NA"]
[PlyCount "112"]
[EventDate "2018.07.29"]
[EventType "swiss"]
[EventCountry "ITA"]
[SourceTitle "playchess.com"]
[Source "ChessBase"]
[SourceQuality "1"]
[TimeControl "5400+30"]

1. Nc3 d6 2. e4 Nf6 3. d4 e5 4. Nge2 exd4 5. Nxd4 Nc6 6. Bf4 Be7 7. Qd2 O-O {[%emt 0:02:30] LiveBook: 191 Games} 8. O-O-O Nh5 {[%emt 0:12:30] C41: Philidor Defence} (8... Nxd4 $11 9. Qxd4 Be6 (9... a6 10. f3 b5 11. g4 c5 12. Qd2 b4 13. Nd5 Nxd5 14. exd5 Bf6 15. Bd3 Re8 16. Rhe1 Rxe1 17. Rxe1 {1-0 (32) Dominguez Perez,L (2739)-Noritsyn,N (2473) chess.com INT 2017})) 9. Be3 Nxd4 10. Qxd4 Bg5 ({Better is} 10... Nf6 $14) 11. f3 Qf6 $146 ({Predecessor:} 11... Bxe3+ 12. Qxe3 Be6 13. g4 Nf6 14. e5 {1-0 (26) Tomcik,M (1743)-Martinka,T Sliac 2011}) 12. Bxg5 Qxg5+ 13. Kb1 Be6 14. g4 Nf4 15. Qd2 Qe5 16. Ne2 Nxe2 17. Bxe2 a5 18. Bd3 f6 19. f4 Qc5 20. f5 Bf7 21. g5 fxg5 22. Qxg5 h6 23. Qg3 Qe5 24. Qxe5 dxe5 25. Rhg1 Kh7 26. Rg3 Rad8 27. Rdg1 Rg8 28. b3 Rd6 29. Bc4 Bxc4 30. bxc4 Rd4 31. Rg6 Rxe4 32. f6 Re1+ 33. Rxe1 Kxg6 34. Rxe5 gxf6 35. Rxa5 Rg7 36. Kc1 Rd7 37. Ra3 f5 38. Rg3+ Kf6 39. Rg8 f4 40. Rf8+ Ke5 41. Re8+ Kf5 42. c5 c6 43. Rf8+ Ke4 44. Rf6 h5 45. Rd6 Rg7 46. Re6+ Kf3 47. Kd2 Kg2 48. Ke1 f3 49. Rf6 Re7+ 50. Kd2 Re5 51. h4 f2 52. Rg6+ Kf1 53. Rg7 Rd5+ 54. Kc1 Rd4 55. Rxb7 Kg2 56. Rg7+ Rg4 0-1

[Event "4th Sabbiadoro-Master 2018"]
[Site "Lignano Sabbiadoro"]
[Date "2018.07.30"]
[Round "2.5"]
[White "Medici, Simone"]
[Black "Zuttioni, Federico"]
[Result "1-0"]
[ECO "E11"]
[WhiteElo "2286"]
[BlackElo "2141"]
[Annotator "NA"]
[PlyCount "77"]
[EventDate "2018.07.29"]
[EventType "swiss"]
[EventCountry "ITA"]
[SourceTitle "playchess.com"]
[Source "ChessBase"]
[SourceQuality "1"]
[TimeControl "5400+30"]

1. d4 Nf6 2. c4 e6 3. Nf3 Bb4+ 4. Bd2 Qe7 5. a3 Bxd2+ 6. Nbxd2 d6 7. e4 {[%emt 0:09:30] LiveBook: 33 Games} e5 8. d5 Bg4 {[%emt 0:09:30] E11: Bogo-Indian} (8... O-O 9. g3 a5 10. b4 Na6 11. Rb1 Bd7 12. Bd3 axb4 13. axb4 c5 14. dxc6 bxc6 15. O-O Rfb8 16. b5 Nc5 {0-1 (30) Lianes Garcia,M (2351)-Almagro Llamas,P (2483) Madrid 2018}) 9. h3 Bxf3 10. Qxf3 a5 11. Bd3 $146 ({Predecessor:} 11. g4 a4 12. Bd3 h5 13. O-O-O Na6 14. Rdg1 h4 15. Qe3 Nd7 16. g5 {1-0 (27) Bergthorsson,J (2156)-Thorarinsson,P (2281) Reykjavik 2016}) 11... a4 12. O-O Na6 13. Bc2 Nc5 14. Rae1 O-O 15. Nb1 c6 16. Nc3 Ra6 17. Qd1 Rfa8 18. Re2 cxd5 19. exd5 Nh5 20. g3 Qg5 21. Kh2 g6 22. Nb5 Rb6 23. Qe1 f5 24. f4 exf4 25. gxf4 Qf6 $1 ({Natürlich nicht} 25... Nxf4 $6 26. Qd2 $14) 26. Qf2 Rf8 27. Rfe1 Ng7 (27... Qxb2 $5 28. Bxa4 Qf6 $11) 28. Bb1 Rf7 29. Nd4 Ra6 30. Nf3 h6 $2 {[%emt 0:00:20] [#]} (30... Rf8 $11 {and Black is okay.}) 31. Nd4 $2 (31. Rg1 $1 $16) 31... Ra8 32. Re3 Kh7 33. R3e2 Raf8 34. Bc2 Ra8 35. Bb1 Raf8 36. Nb5 Rd8 37. Qf3 Qh4 38. Qg3 Qf6 $11 39. Qf2 1-0

[Event "4th Sabbiadoro-Master 2018"]
[Site "Lignano Sabbiadoro"]
[Date "2018.07.30"]
[Round "2.6"]
[White "Calavalle, Giulio"]
[Black "Favilli, Edoardo"]
[Result "1-0"]
[ECO "C12"]
[WhiteElo "2275"]
[BlackElo "2116"]
[Annotator "ChessBase"]
[PlyCount "91"]
[EventDate "2018.07.29"]
[EventType "swiss"]
[EventCountry "ITA"]
[SourceTitle "playchess.com"]
[Source "ChessBase"]
[SourceQuality "1"]
[TimeControl "5400+30"]

1. e4 e6 2. d4 d5 3. Nc3 Nf6 4. Bg5 Bb4 5. e5 h6 6. exf6 hxg5 7. fxg7 Rg8 8. h4 gxh4 9. Qg4 Qf6 10. O-O-O Bd7 11. Qxh4 Qxg7 12. g3 Nc6 13. Nge2 Be7 14. Qh7 Qf8 15. Nf4 O-O-O 16. Bb5 Rh8 17. Qd3 Bg5 18. Kb1 Qg7 19. Nh5 Qg6 20. Bxc6 Rxh5 21. Bxd7+ Rxd7 22. Qxg6 fxg6 23. Rxh5 gxh5 24. Re1 Re7 25. Ne2 h4 26. f4 Bf6 27. g4 Rh7 28. g5 Bg7 29. Rh1 Kd7 30. Kc1 Ke7 31. Kd2 Kf7 32. Ke3 c5 33. Rh3 Kg6 34. c3 cxd4+ 35. cxd4 Kf5 36. Kf3 Rh8 37. Rh1 Rc8 38. Nc3 Bxd4 39. Nb5 Bc5 40. Rxh4 a6 41. Rh6 Rf8 42. Nc7 e5 43. Ne6 e4+ 44. Kg3 Rf7 45. Ng7+ Rxg7 46. Rf6# 1-0

[Event "4th Sabbiadoro-Master 2018"]
[Site "Lignano Sabbiadoro"]
[Date "2018.07.30"]
[Round "2.7"]
[White "Peric, Slavisa"]
[Black "Bentivegna, Francesco"]
[Result "0-1"]
[ECO "D05"]
[WhiteElo "2109"]
[BlackElo "2271"]
[Annotator "NA"]
[PlyCount "62"]
[EventDate "2018.07.29"]
[EventType "swiss"]
[EventCountry "ITA"]
[SourceTitle "playchess.com"]
[Source "ChessBase"]
[SourceQuality "1"]
[TimeControl "5400+30"]

1. d4 d5 2. Nf3 Nf6 3. Nbd2 c5 4. e3 Nc6 5. c3 e6 6. Bd3 Bd6 7. O-O O-O 8. dxc5 Bxc5 {[%emt 0:00:30] LiveBook: 238 Games} 9. e4 Qc7 10. Qe2 h6 11. a3 {[%emt 0:29:30] D05: Colle System with ...e6} (11. Bc2 Bb6 12. a4 a6 13. g3 Bd7 14. Kg2 Rad8 15. h3 e5 16. exd5 Nxd5 17. Nc4 Qc8 18. Rh1 Bc7 {½-½ (38) Mamedyarov,S (2660)-Volokitin,A (2652) Mallorca 2004 CBM 104 [Finkel,A]}) 11... Bd7 $146 ({Predecessor:} 11... a5 12. b3 b6 13. Bb2 Nh5 14. g3 Nf6 15. c4 dxe4 16. Nxe4 Nxe4 17. Qxe4 f5 18. Qe2 e5 19. Bxe5 Nxe5 20. Qxe5 Qxe5 21. Nxe5 {1-0 (49) Tahbaz,A (2409)-Taalaibekov,T (2213) Shiraz 2017}) 12. b4 Bd6 13. Bb2 Ng4 14. h3 Nge5 15. Nxe5 Nxe5 16. Bb5 Bxb5 17. Qxb5 Nc4 18. Nxc4 dxc4 19. Rad1 Rfd8 20. Qa4 a5 21. Qc2 b5 22. Bc1 axb4 23. axb4 Bf4 24. g3 Bxc1 25. Qxc1 Rd3 26. Rxd3 cxd3 27. Rd1 Rd8 28. Qe3 Qxc3 29. Qb6 Rd4 30. Qxb5 Qc2 31. Qb6 Qc3 $11 (31... Qxd1+ {mates} 32. Kg2 Qa1 33. b5 d2 34. Qa6 d1=Q 35. Qxa1 Qxa1 36. b6 Qe1 37. b7 Qxe4+ 38. Kh2 Qxb7 39. g4 Qf3 40. h4 Rxg4 41. h5 Qg2#) 0-1

[Event "4th Sabbiadoro-Master 2018"]
[Site "Lignano Sabbiadoro"]
[Date "2018.07.30"]
[Round "2.8"]
[White "Nester, Ihor"]
[Black "Bardone, Lorenzo"]
[Result "1-0"]
[ECO "A30"]
[WhiteElo "2305"]
[BlackElo "2103"]
[Annotator "NA"]
[PlyCount "79"]
[EventDate "2018.07.29"]
[EventType "swiss"]
[EventCountry "ITA"]
[SourceTitle "playchess.com"]
[Source "ChessBase"]
[SourceQuality "1"]
[TimeControl "5400+30"]

1. Nf3 c5 2. c4 Nc6 3. d4 cxd4 4. Nxd4 e5 {LiveBook: 127 Games} 5. Nc2 {A30: Symmetrical English: Double Fianchetto and Hedgehog} Bc5 6. Nc3 f5 $146 ({Predecessor:} 6... d6 7. g3 Be6 8. b3 Qd7 9. Be3 Nf6 10. Bxc5 dxc5 11. Qxd7+ Bxd7 12. Bg2 O-O-O {1-0 (36) Melkumyan,H (2664)-Kantans,T (2508) Batumi 2018}) 7. Be3 Bxe3 8. Nxe3 Nf6 (8... Nge7 $142) 9. Nxf5 O-O 10. e3 Qa5 (10... d5 $16 {was called for.}) 11. Nd6 e4 12. Qd2 Qe5 13. Be2 b6 14. O-O Rb8 15. Rad1 Kh8 16. a3 Nd8 17. Qd4 Qxd4 18. exd4 Ne6 19. Ncxe4 Nxe4 20. Nxe4 Nf4 21. Bf3 d5 22. cxd5 Ba6 23. Rfe1 Nxd5 24. Ng5 Nf4 25. Re7 Rbe8 26. Rxe8 Rxe8 27. Nf7+ Kg8 28. Ne5 Be2 29. Bxe2 Nxe2+ 30. Kf1 Nxd4 31. Rxd4 Rxe5 32. Rd8+ Kf7 33. Rd7+ Kf6 34. Rxa7 Rc5 35. g3 b5 $18 36. Ra5 Ke5 37. a4 Ke4 38. Rxb5 Rc4 39. b3 Rc2 40. Kg2 1-0

[Event "4th Sabbiadoro-Master 2018"]
[Site "Lignano Sabbiadoro"]
[Date "2018.07.30"]
[Round "2.10"]
[White "Sgnaolin, Davide"]
[Black "Grochowalski, Pawel"]
[Result "1/2-1/2"]
[ECO "D34"]
[WhiteElo "2267"]
[BlackElo "2049"]
[Annotator "NA"]
[PlyCount "78"]
[EventDate "2018.07.29"]
[EventType "swiss"]
[EventCountry "ITA"]
[SourceTitle "playchess.com"]
[Source "ChessBase"]
[SourceQuality "1"]
[TimeControl "5400+30"]

1. Nf3 Nf6 2. g3 d5 3. Bg2 e6 4. c4 Be7 5. b3 O-O 6. Bb2 c5 7. cxd5 exd5 8. d4 Nc6 9. O-O Be6 {[%emt 0:00:30] LiveBook: 14 Games} 10. Nc3 h6 11. Rc1 Rc8 12. dxc5 Bxc5 13. Nb5 {[%emt 0:00:30] D34: Tarrasch Defence: 6 g3 Nf6 7 Bg2 Be7} (13. Na4 Bd6 14. Nc5 Qe7 15. Nxe6 fxe6 16. Nh4 Rfe8 17. Ng6 Qf7 18. Qd3 Nb4 19. Qb1 Rxc1 20. Rxc1 Ng4 {1-0 (35) Balashov,Y (2429)-Singer,H (2207) Katerini 2014}) 13... Be7 14. Nbd4 Nxd4 15. Nxd4 Bd7 $146 ({Predecessor:} 15... Qd7 16. Nxe6 Rxc1 17. Nxf8 Rxd1 18. Nxd7 Rxf1+ 19. Kxf1 Nxd7 20. Bxd5 b6 {1-0 (38) Macedo,A (1995)-Almeida,C (1950) Natal 2010}) 16. Qd3 Qa5 17. a4 Rxc1 18. Rxc1 Rc8 19. Rxc8+ Bxc8 20. Bc3 Bb4 21. Bxb4 Qxb4 22. Nc2 Qc5 23. e3 Be6 24. Nd4 a6 25. h3 Kf8 26. Kh2 Ke7 27. Nf5+ Bxf5 28. Qxf5 Qd6 29. Qc8 Qb6 30. Qc3 Qd6 31. Qd4 a5 32. Bf3 b6 33. Kg2 g5 34. h4 Qe6 35. hxg5 hxg5 36. g4 Ne4 37. b4 axb4 $1 38. Qxb4+ Qd6 39. Qd4 $11 Qe6 1/2-1/2

[Event "4th Sabbiadoro-Master 2018"]
[Site "Lignano Sabbiadoro"]
[Date "2018.07.30"]
[Round "3.1"]
[White "Brankovic, Dejan"]
[Black "Medici, Simone"]
[Result "1-0"]
[ECO "A05"]
[WhiteElo "2377"]
[BlackElo "2286"]
[Annotator "NA"]
[PlyCount "105"]
[EventDate "2018.07.29"]
[EventType "swiss"]
[EventCountry "ITA"]
[SourceTitle "playchess.com"]
[Source "ChessBase"]
[SourceQuality "1"]
[TimeControl "5400+30"]

1. Nf3 Nf6 2. g3 b6 3. Bg2 Bb7 4. O-O e6 5. d3 Be7 6. e4 d6 7. Re1 {[%emt 0:04:30] A05: Réti Opening: 1 Nf3 Nf6} (7. Nbd2 c5 8. Qe2 O-O 9. Ng5 Nfd7 10. Nh3 Nc6 11. f4 b5 12. Nf3 Rc8 13. c3 b4 14. c4 Nd4 15. Nxd4 cxd4 {0-1 (46) Jenni,F (2454)-Nayhebaver,M (2440) Balatonszarszo 2017}) 7... O-O 8. Nbd2 Nbd7 9. d4 e5 10. dxe5 $146 ({Predecessor:} 10. b3 Re8 11. d5 a5 12. c4 c6 13. dxc6 Bxc6 14. Qc2 Nc5 15. Bb2 {1-0 (53) Goluch,P (2288)-Bilych,O (1967) Lvov 2017}) 10... dxe5 11. Nh4 Re8 12. Nf5 Bf8 13. Nc4 Nc5 14. Qxd8 Raxd8 15. Bg5 Ncd7 16. Rad1 Rb8 17. f3 h6 18. Bd2 Kh7 19. Bh3 Bc8 20. b4 a5 21. a3 axb4 22. axb4 b5 23. Na5 c5 24. c3 Nb6 25. Bf1 g6 26. Ne3 c4 27. Ra1 Bd7 28. Red1 Red8 29. Be1 Be7 30. Rd2 Be8 31. Rad1 Rxd2 32. Rxd2 Rd8 33. Rxd8 Bxd8 34. Nb7 Bc7 35. Bh3 Bc6 36. Na5 Ba8 37. Nc2 Ne8 38. Kf2 Nd6 39. Ke2 Na4 40. Bd7 Nb6 41. Bc6 f6 42. Na3 Bxc6 $16 (42... Nbc8 $2 ) 43. Nxc6 f5 (43... Nbc8 $16 {is a better defense.}) 44. exf5 ({But not} 44. Nxe5 $6 fxe4 45. fxe4 Nxe4) 44... gxf5 45. Bf2 Nbc8 46. Bd4 Kg6 47. Na7 $4 (47. Nxe5+ $18 {and all is fine.} Kh5 48. Nc6) 47... Nxa7 $2 (47... exd4 $19 48. Nxc8 d3+ 49. Kd2 Nxc8 50. Nxb5 Bb6) 48. Bxa7 f4 49. g4 Kg5 50. Bc5 Nf7 51. Be7+ Kg6 52. Nxb5 Ng5 $18 (52... Bb8 $142 53. Na3 h5 54. gxh5+ Kxh5 55. Nxc4 Kg6) 53. Bc5 (53. Nxc7 $142 Kf7 54. Bxg5 hxg5 55. Na6) 1-0

[Event "4th Sabbiadoro-Master 2018"]
[Site "Lignano Sabbiadoro"]
[Date "2018.07.30"]
[Round "3.2"]
[White "Migliorini, Matteo"]
[Black "Ristic, Nenad"]
[Result "1/2-1/2"]
[ECO "B22"]
[WhiteElo "2130"]
[BlackElo "2356"]
[Annotator "NA"]
[PlyCount "59"]
[EventDate "2018.07.29"]
[EventType "swiss"]
[EventCountry "ITA"]
[SourceTitle "playchess.com"]
[Source "ChessBase"]
[SourceQuality "1"]
[TimeControl "5400+30"]

1. e4 c5 2. d4 cxd4 3. c3 Nf6 4. e5 Nd5 5. Nf3 e6 6. cxd4 d6 7. Bc4 Be7 8. O-O O-O 9. Qe2 Nc6 10. Nc3 dxe5 11. dxe5 Nxc3 12. bxc3 Qc7 13. Qe4 Rd8 14. Re1 Bd7 15. Bd3 g6 16. Bg5 Be8 17. Bf6 Rd5 18. c4 Rd7 19. Ng5 Rd4 20. Qe3 Qd8 21. Nxh7 Bxf6 22. Nxf6+ Kg7 23. Rad1 Qa5 24. h3 Qxa2 25. Ng4 Kf8 26. Be4 Qxc4 27. Bxc6 Rxd1 28. Qh6+ Ke7 29. Qg5+ Kf8 30. Qh6+ 1/2-1/2

[Event "4th Sabbiadoro-Master 2018"]
[Site "Lignano Sabbiadoro"]
[Date "2018.07.30"]
[Round "3.3"]
[White "Damia, Angelo"]
[Black "Calavalle, Giulio"]
[Result "1/2-1/2"]
[ECO "A20"]
[WhiteElo "2313"]
[BlackElo "2275"]
[Annotator "NA"]
[PlyCount "114"]
[EventDate "2018.07.29"]
[EventType "swiss"]
[EventCountry "ITA"]
[SourceTitle "playchess.com"]
[Source "ChessBase"]
[SourceQuality "1"]
[TimeControl "5400+30"]

1. c4 e5 2. e3 Nf6 3. a3 Nc6 {[%emt 0:00:30] A20: English Opening: 1...e5} (3... c6 4. Nf3 e4 5. Nd4 d5 6. cxd5 cxd5 7. d3 Bc5 8. Nc3 O-O 9. Be2 exd3 10. Qxd3 Nc6 11. O-O Nxd4 12. exd4 {1-0 (47) Nakamura,H (2775)-Wang,H (2743) Stavanger 2013}) 4. d3 d5 5. cxd5 Nxd5 6. Nf3 Be7 7. b4 Bf6 8. Ra2 O-O 9. Rd2 $146 ({Predecessor:} 9. Be2 Be6 10. Rd2 a5 11. b5 Na7 {½-½ (34) Csom,I (2464)-Volzhin,A (2548) Budapest 2000}) 9... Qe7 10. Bb2 Bg4 11. Be2 Rad8 12. Nc3 Nxc3 13. Bxc3 e4 14. Bxf6 Qxf6 15. b5 exd3 16. Rxd3 Rxd3 17. Qxd3 Bxf3 18. gxf3 Ne5 19. Qe4 c6 20. bxc6 Nxc6 21. O-O Qg6+ 22. Qxg6 hxg6 23. Rb1 b6 24. Rc1 Na5 25. Rc7 Rd8 26. Rxa7 g5 27. Kg2 Rd6 28. Bb5 Nc6 29. Rc7 Ne5 30. a4 Rf6 31. Be2 g6 32. Re7 Nc6 33. Re4 Kg7 34. Bb5 Nd8 35. Re5 Kh6 36. Re7 Kg7 37. Bd7 Rd6 38. Bc8 Nc6 39. Re4 Rf6 40. Bd7 Rd6 41. Bxc6 Rxc6 42. Re5 f5 43. Rb5 Rc4 44. Rxb6 Rxa4 45. Rd6 Kf7 46. Rd4 Rxd4 47. exd4 Ke6 48. f4 gxf4 49. h4 Kd5 50. Kf3 Kxd4 51. Kxf4 Kd3 52. Kg5 Ke2 $18 53. Kxg6 f4 54. h5 Kxf2 55. h6 Kg2 56. h7 f3 57. h8=Q f2 1/2-1/2